 Dungeon Crawl Stone Soup version 0.22.1-1-ga44c0e56f4 (webtiles) character file.

4018 Morrissey the Basher (level 10, -9/96 HPs)
             Began as a Gargoyle Gladiator on Oct 26, 2018.
             Was an Initiate of Okawaru.
             Mangled by a komodo dragon (13 damage)
             ... on level 1 of the Lair of Beasts.
             The game lasted 00:12:14 (7478 turns).

Morrissey the Basher (Gargoyle Gladiator)           Turns: 7478, Time: 00:12:14

Health: -9/96      AC: 26    Str: 21 (23) XL:     10   Next: 23%
Magic:  9/10       EV:  2    Int:  8 (9)  God:    Okawaru [......]
Gold:   477        SH:  0    Dex: 18 (19) Spells: 9/9 levels left

rFire    . . .     SeeInvis .   a - +1 whip (vamp)
rCold    + . .     Gourm    .   (no shield)
rNeg     + + +     Faith    .   (armour currently unavailable)
rPois    ∞         Spirit   .   (helmet currently unavailable)
rElec    .         Reflect  .   (cloak currently unavailable)
rCorr    .         Harm     .   (gloves currently unavailable)
MR       .....     NoTele   +   (boots currently unavailable)
Stlth    ++++......             (no amulet)
HPRegen  0.26/turn              o - +1 ring of protection
MPRegen  0.12/turn              p - ring of protection from cold

@: mighty, agile, tree-form, heroism
A: negative energy resistance 1, petrification resistance, rot immunity, AC +7
a: Renounce Religion


You were on level 1 of the Lair of Beasts.
You worshipped Okawaru.
Okawaru was noncommittal.
You were not hungry.
You were a tree.
You visited 3 branches of the dungeon, and saw 10 of its levels.

You collected 477 gold pieces.

Inventory:

Hand Weapons
 a - a +1 vampiric whip (weapon)
 y - a +1 flail of crushing
 C - a +2 whip of flaming
Missiles
 d - 3 throwing nets (quivered)
Armour
 c - a +0 helmet (melded)
 g - a +2 plate armour of cold resistance (melded)
 F - a +2 cloak (melded)
Jewellery
 o - a +1 ring of protection (left branch)
 p - a ring of protection from cold (right branch)
 x - an uncursed ring of fire
Wands
 u - a wand of acid (12)
 v - a wand of iceblast (7)
 w - a wand of polymorph (18)
 B - a wand of disintegration (13)
Scrolls
 b - 7 scrolls of teleportation {unknown}
 e - a scroll of immolation {unknown}
 k - 5 scrolls of remove curse {unknown}
 n - 4 scrolls of identify {unknown}
 z - a scroll of enchant armour {unknown}
 A - a scroll of holy word {unknown}
 D - a scroll of enchant weapon {unknown}
Potions
 h - a potion of flight
 i - a potion of might
 l - 5 potions of lignification
 r - a potion of degeneration
 s - a potion of mutation {unknown}
 t - a potion of curing {unknown}
Comestibles
 f - 7 rations
 j - 3 chunks of flesh


   Skills:
 + Level 8.3(13.3) Fighting
 * Level 10.6(15.6) Maces & Flails
 - Level 1.7(6.7) Throwing
 + Level 7.8(12.8) Armour
 - Level 2.4(7.4) Dodging


You had 9 spell levels left.
You didn't know any spells.
Your spell library contained the following spells:

 Spells                   Type           Power        Failure   Level  Hunger
 Confusing Touch          Hex            #.....       41%         1    ##.....
 Confuse                  Hex            #.......     78%         3    ####...
 Gell's Gravitas          Tloc           #.........   78%         3    ####...
 Regeneration             Chrm/Necr      #.........   78%         3    ####...
 Static Discharge         Conj/Air       #.......     78%         3    ####...
 Petrify                  Tmut/Erth      #.......     99%         4    #####..
 Agony                    Necr           #.......     100%        5    ######.
 Metabolic Englaciation   Hex/Ice        #.........   100%        5    ######.
 Yara's Violent Unravell  Hex/Tmut       #.........   100%        5    ######.
 Tornado                  Air            #.........   100%        9    #######


Dungeon Overview and Level Annotations

Branches:
Dungeon (8/15)             Temple (1/1) D:7            Lair (1/6) D:8

Altars:
Ashenzari
Cheibriados
Dithmenos
Elyvilon
Fedhas
Gozag
Hepliaklqana
Kikubaaqudgha
Makhleb
Nemelex Xobeh
Okawaru
Qazlal
Ru
Sif Muna
Trog
Uskayaw
Vehumet
Wu Jian
Xom
Yredelemnul
Zin
The Shining One

Annotations:
D:8 2 transporters, zx48k's ghost, novice GnWz


Innate Abilities, Weirdness & Mutations

You are resistant to torment.
((Your stone body is resilient. (AC +7)))
You are immune to poison.
You resist negative energy. (rN+)
((You are resistant to electric shocks. (rElec)))
((You can survive without breathing.))
You are immune to petrification.
You are immune to rotting.


Message History

The komodo dragon bites you but does no damage.
Unknown command.
It was a potion of might.
You feel very mighty all of a sudden.
The komodo dragon bites you but does no damage.
You whack the komodo dragon!
The komodo dragon is heavily wounded.
You barely miss the komodo dragon.
The komodo dragon is heavily wounded.
The komodo dragon bites you.
* * * LOW HITPOINT WARNING * * *
It was a potion of agility.
You feel agile all of a sudden. The komodo dragon bites you.
* * * LOW HITPOINT WARNING * * *
It was a potion of degeneration.
There was something very wrong with that liquid.
You feel weakened.
You feel dopey.
You feel clumsy. The komodo dragon bites you!
You die...

.......(..# #........#
#........##
##........####
#.......?≈≈..##
##......≈≈≈≈≈.#.
#.#....≈≈≈≈≈≈...
#......l≈≈≈≈≈≈..
##....♣>.≈≈≈≈≈..
#.......≈≈≈≈≈≈.. ##
##.....≈≈≈≈≈≈≈.#
##.#####.....≈≈≈≈≈≈..#
..............≈≈≈≈..##
.............≈.≈≈....
.........÷...#.......
.......÷......#.....
.......<..........


You could see a komodo dragon.

Vanquished Creatures
  A two-headed ogre (D:6)
  Pikel (D:6)
  A spriggan (D:8)
  Sigmund (D:3)
  A hungry ghost (D:8)
  2 porcupines (Lair:1)
  Duvessa (D:4)
  2 black bears (D:8)
  2 ogres
  2 phantoms
  A centaur (D:6)
  Blork the orc (D:4)
  3 bullfrogs
  A gnoll sergeant (D:3)
  Dowan (D:4)
  A scorpion (D:4)
  A howler monkey (D:5)
  A quasit (D:5)
  A jelly (D:5)
  3 gnoll shamans (D:3)
  2 hounds
  An orc priest (D:5)
  Ijyb (D:4)
  3 orc wizards (D:4)
  7 worker ants
  A hound zombie (D:4)
  2 hound skeletons (D:5)
  40 gnolls
  7 adders
  An adder zombie (D:7)
  3 worms
  3 dart slugs (D:1)
  3 leopard geckos
  13 orcs
  2 ball pythons
  9 bats
  4 giant cockroaches
  11 goblins
  5 hobgoblins
  18 jackals
  8 frilled lizards
  5 kobolds
  7 rats
  A plant (D:3)
185 creatures vanquished.

Vanquished Creatures (others)
  A howler monkey skeleton (D:6)
1 creature vanquished.

Grand Total: 186 creatures vanquished

Notes
Turn   | Place    | Note
-------+----------+-------------------------------------------
     0 | D:1      | Morrissey the Gargoyle Gladiator began the quest for the
                  | Orb.
     0 | D:1      | Reached XP level 1. HP: 12/12 MP: 1/1
   165 | D:1      | Reached XP level 2. HP: 18/18 MP: 2/2
   445 | D:1      | Reached skill level 1 in Armour
   529 | D:1      | Reached XP level 3. HP: 22/22 MP: 3/3
  1297 | D:2      | Found a white marble altar of Elyvilon.
  1631 | D:3      | Reached XP level 4. HP: 28/28 MP: 4/4
  1912 | D:3      | Noticed Sigmund
  2031 | D:3      | Reached skill level 4 in Maces & Flails
  2153 | D:3      | Reached XP level 5. HP: 21/33 MP: 5/5
  2627 | D:3      | Killed Sigmund
  2627 | D:3      | Reached skill level 5 in Maces & Flails
  2627 | D:3      | Reached XP level 6. HP: 28/40 MP: 6/6
  2799 | D:3      | Reached skill level 5 in Fighting
  3082 | D:3      | Reached XP level 7. HP: 36/44 MP: 7/7
  3222 | D:3      | Reached skill level 6 in Maces & Flails
  3872 | D:4      | Reached XP level 8. HP: 35/49 MP: 8/8
  3915 | D:4      | Reached skill level 7 in Maces & Flails
  4105 | D:4      | Noticed Blork the orc
  4131 | D:4      | Killed Blork the orc
  4142 | D:4      | Noticed Dowan
  4142 | D:4      | Noticed Duvessa
  4206 | D:4      | Killed Duvessa
  4206 | D:4      | Reached skill level 5 in Armour
  4220 | D:4      | Killed Dowan
  4629 | D:4      | Noticed Ijyb
  4638 | D:4      | Killed Ijyb
  4887 | D:5      | Entered Level 5 of the Dungeon
  5065 | D:5      | Identified the Incunabulum of Evil Secrets and Feathers
  5091 | D:5      | Reached skill level 8 in Maces & Flails
  5373 | D:5      | Reached XP level 9. HP: 56/56 MP: 9/9
  5686 | D:6      | Noticed Pikel
  5718 | D:6      | Killed Pikel
  5718 | D:6      | Reached skill level 9 in Maces & Flails
  5948 | D:6      | Noticed a two-headed ogre
  5973 | D:6      | Killed a two-headed ogre
  6193 | D:6      | Found a sacrificial altar of Ru.
  6366 | D:7      | Found a staircase to the Ecumenical Temple.
  6424 | D:7      | Reached skill level 10 in Maces & Flails
  6436 | Temple   | Entered the Ecumenical Temple
  6687 | Temple   | Became a worshipper of Warmaster Okawaru
  6786 | D:8      | Reached XP level 10. HP: 64/64 MP: 10/10
  6872 | D:8      | Noticed zx48k's ghost (novice GnWz)
  6884 | D:8      | Found a transporter.
  6908 | D:8      | Found a transporter.
  7271 | D:8      | Found a staircase to the Lair.
  7401 | Lair:1   | Entered Level 1 of the Lair of Beasts
  7432 | Lair:1   | Reached * piety under Okawaru
  7477 | Lair:1   | HP: 4/96 [komodo dragon (6)]
  7478 | Lair:1   | Mangled by a komodo dragon

Skill      XL: |  1  2  3  4  5  6  7  8  9 10 |
---------------+-------------------------------+-----
Armour         | 1 2 3 4 5 7 |  7.8
Fighting       | 3 4 5 6 7 8 |  8.3
Maces & Flails | 4 5 6 8 10 | 10.6
Throwing       | |  1.7
Dodging        | |  2.4

Action                   |  1- 3 |  4- 6 |  7- 9 | 10-12 || total
-------------------------+-------+-------+-------+-------++-------
Melee: Flail             |   131 |   271 |   107 |       ||   509
       Whip              |       |       |   652 |   147 ||   799
Throw: Throwing net      |       |     5 |     2 |       ||     7
Invok: Heroism           |       |       |       |     1 ||     1
  Use: Potion            |       |       |       |     5 ||     5
 Stab: Held in net/web   |       |     1 |       |       ||     1
  Eat: Chunk             |     2 |     6 |    10 |     5 ||    23
       Ration            |       |       |     2 |       ||     2
Armor: Plate armour      |   122 |   298 |   512 |    73 ||  1005
       Skin              |       |       |       |     3 ||     3
Dodge: Dodged            |    42 |   140 |   195 |    26 ||   403
